[Event "ICC Open 2015"]
[Site "Internet Chess Club"]
[Date "2015.05.29"]
[Round "8"]
[White "Galaad"]
[Black "SusikoiraRoi"]
[Result "0-1"]
[ICCResult "White forfeits on time"]
[WhiteElo "2001"]
[BlackElo "1886"]
[Opening "Dutch: classical variation"]
[ECO "A96"]
[NIC "HD.01"]
[Time "15:27:56"]
[TimeControl "180+0"]

1. d4 e6 2. c4 f5 3. Nf3 Nf6 4. g3 Be7 5. Bg2 O-O 6. O-O d6 7. Nc3 a5 8. b3
Ne4 9. Qc2 Nxc3 10. Qxc3 Nc6 11. Bb2 Bf6 12. Qd2 e5 13. d5 Nb8 14. h4 Qe8
15. Ng5 h6 16. Ne6 Rf7 17. f4 e4 18. Bxf6 Rxf6 19. Nd4 Nd7 20. e3 Nc5 21.
Rfd1 Bd7 22. Bf1 Qg6 23. Kh2 b6 24. a3 Rff8 25. b4 Nb7 26. Nb5 Rac8 27. Qd4
Qf6 28. Na7 Ra8 29. Nc6 Bxc6 30. dxc6 Qxd4 31. Rxd4 Nd8 32. b5 Ne6 33. a4
Nxd4 34. exd4 Kf7 35. Be2 Kf6 36. Rc1 g5 37. c5 dxc5 38. dxc5 bxc5 39. Rxc5
Rfd8 40. hxg5+ hxg5 41. fxg5+ Kxg5 42. g4 Rd2 43. Rxf5+ Kg6 44. Rf2 e3 45.
Rg2 Ra2 46. Kg3 Rxa4 47. b6 cxb6 48. Bf3 Rc8 49. Rb2 Rb4 50. Re2 Rb3 51.
Be4+ Kg5 52. Re1 a4 53. Rf1 a3 54. Rf5+ Kh6 55. g5+ Kg7 56. Rd5 a2 57. Rd7+
Kf8 58. Rd1 Ra3 59. Ra1 e2+ {White forfeits on time} 0-1

[Event "ICC Open 2015"]
[Site "Internet Chess Club"]
[Date "2015.05.29"]
[Round "8"]
[White "kolding"]
[Black "plagis"]
[Result "0-1"]
[ICCResult "White forfeits on time"]
[WhiteElo "1770"]
[BlackElo "2088"]
[Opening "Scotch: Mieses variation"]
[ECO "C45"]
[NIC "SO.04"]
[Time "15:28:32"]
[TimeControl "180+0"]

1. e4 e5 2. Nf3 Nc6 3. d4 exd4 4. Nxd4 Nf6 5. Nxc6 bxc6 6. e5 Nd5 7. c4 Nb6
8. Nc3 Qe7 9. f4 d6 10. Qe2 f6 11. exf6 gxf6 12. Be3 Nxc4 13. Bd4 Nxb2 14.
Bxf6 Qxe2+ 15. Bxe2 Rg8 16. O-O Kf7 17. Ne4 Bg7 18. Bxg7 Rxg7 19. Ng5+ Kf6
20. Rab1 Na4 21. Bh5 Ba6 22. Rfe1 Nc5 23. Bf3 Bc4 24. Bxc6 Rf8 25. g3 h6 26.
Ne4+ Nxe4 27. Rxe4 Bd3 28. Reb4 Bxb1 29. Rxb1 Re7 30. Kf2 Rd8 31. Bd5 c5 32.
Rb3 Rc7 33. Ra3 c4 34. Rc3 Rdc8 35. Ke3 Kf5 36. Kd4 Kg4 37. Be6+ Kh5 38.
Bxc8 Rxc8 39. Rxc4 Re8 40. Rc6 Re2 41. Rxd6 Rxa2 42. Rd7 a5 43. Ke5 Rxh2 44.
Kf5 Ra2 {White forfeits on time} 0-1

[Event "ICC Open 2015"]
[Site "Internet Chess Club"]
[Date "2015.05.29"]
[Round "8"]
[White "gladiator46"]
[Black "Ramanip15"]
[Result "1-0"]
[ICCResult "Black forfeits on time"]
[WhiteElo "1677"]
[BlackElo "1899"]
[Opening "Benko's opening"]
[ECO "A00"]
[NIC "VO.09"]
[Time "15:28:52"]
[TimeControl "180+0"]

1. g3 d5 2. Bg2 Nf6 3. c4 c6 4. Qb3 e6 5. Nf3 Nbd7 6. d4 Be7 7. Nc3 O-O 8.
O-O b6 9. Re1 Bb7 10. Bf4 Rc8 11. Ne5 c5 12. cxd5 exd5 13. dxc5 Nxc5 14. Qd1
Nh5 15. Bc1 d4 16. Bxb7 Nxb7 17. Nb5 Qd5 18. Nxa7 Qxe5 19. Nxc8 Rxc8 20. e3
Bb4 21. Bd2 Bxd2 22. Qxd2 dxe3 23. Rxe3 Qc5 24. Rc3 Qf8 25. Rxc8 Qxc8 26.
Rc1 Qf8 27. Qd5 g6 28. Qxb7 Qh6 29. Qb8+ Kg7 30. Qe5+ Nf6 31. Rc6 g5 32.
Rxb6 Qg6 33. Qxf6+ Qxf6 34. Rxf6 Kxf6 35. a4 Ke5 36. b4 Kd5 37. b5 Kc5 38.
f4 g4 39. Kf2 f5 40. Ke3 h5 41. Kf2 Kb6 42. Ke3 Kc5 43. Kd3 Kb6 44. Kc4 h4
45. gxh4 g3 46. hxg3 Ka5 47. h5 {Black forfeits on time} 1-0

[Event "ICC Open 2015"]
[Site "Internet Chess Club"]
[Date "2015.05.29"]
[Round "8"]
[White "EREBUNI"]
[Black "BlitzorDDD"]
[Result "0-1"]
[ICCResult "White resigns"]
[WhiteElo "3056"]
[BlackElo "3210"]
[Opening "Robatsch (modern) defense"]
[ECO "B06"]
[NIC "KF.05"]
[Time "15:29:13"]
[TimeControl "180+0"]

1. e4 g6 2. d4 Bg7 3. Nc3 d6 4. Be3 a6 5. g3 b5 6. Bg2 Bb7 7. Nge2 Nd7 8.
Qd2 Nb6 9. b3 e6 10. O-O Nf6 11. e5 Nfd5 12. Bg5 Qd7 13. Nxd5 Bxd5 14. Bxd5
Nxd5 15. c4 Nb6 16. exd6 cxd6 17. Rac1 bxc4 18. bxc4 O-O 19. c5 Nd5 20. c6
Qc7 21. Nf4 Nb6 22. Ng2 Rab8 23. Rfe1 Rfc8 24. Rc2 Nd5 25. Nf4 Nb4 26. Rc4
h6 27. Rxb4 hxg5 28. Rxb8 Rxb8 29. Nxe6 fxe6 30. Qxg5 Qxc6 31. Qxg6 Qd5 32.
Qxe6+ Qxe6 33. Rxe6 Rb2 34. Rxd6 Rxa2 35. h4 a5 36. h5 a4 37. g4 a3 38. h6
Bf8 39. Ra6 Rd2 40. Ra8 Rxd4 41. g5 Rg4+ 42. Kf1 Rxg5 43. h7+ Kxh7 44. Rxf8
Ra5 45. Rf7+ Kg6 46. Re7 a2 47. Re1 a1=Q 48. Rxa1 Rxa1+ 49. Kg2 Kf5
{White resigns}
0-1

[Event "ICC Open 2015"]
[Site "Internet Chess Club"]
[Date "2015.05.29"]
[Round "8"]
[White "talaatabdin"]
[Black "pvchandu"]
[Result "0-1"]
[ICCResult "White forfeits on time"]
[WhiteElo "1340"]
[BlackElo "1451"]
[Opening "Danish gambit"]
[ECO "C21"]
[NIC "KP.04"]
[Time "15:28:28"]
[TimeControl "180+0"]

1. e4 e5 2. d4 exd4 3. c3 Nf6 4. e5 Nd5 5. cxd4 Nc6 6. Nf3 d6 7. Bc4 Nb6 8.
Bb3 dxe5 9. Nxe5 Nxe5 10. Qe2 Bd6 11. dxe5 Bb4+ 12. Bd2 Bxd2+ 13. Nxd2 O-O
14. O-O Re8 15. Rad1 Qg5 16. Qf3 Qg6 17. Rfe1 Rb8 18. Ne4 Bg4 19. Qg3 Bxd1
20. Qxg6 hxg6 21. Rxd1 Rxe5 22. f3 Rbe8 23. h4 R8e7 24. Rd8+ Kh7 25. Ng5+
Kh6 26. Nxf7+ Rxf7 27. Bxf7 Kh7 28. Kh2 a6 29. Bg8+ Kh6 30. Bf7 g5
{White forfeits on time}
0-1

[Event "ICC Open 2015"]
[Site "Internet Chess Club"]
[Date "2015.05.29"]
[Round "8"]
[White "lemanofzorn"]
[Black "jewels2"]
[Result "0-1"]
[ICCResult "White checkmated"]
[WhiteElo "1476"]
[BlackElo "1300"]
[Opening "Budapest: Rubinstein variation"]
[ECO "A52"]
[NIC "QG.01"]
[Time "15:28:45"]
[TimeControl "180+0"]

1. d4 Nf6 2. c4 e5 3. dxe5 Ng4 4. Bf4 Nc6 5. Nf3 Bb4+ 6. Nc3 Qe7 7. e3 Bxc3+
8. bxc3 Ngxe5 9. Nxe5 Nxe5 10. Be2 O-O 11. Qd4 d6 12. c5 Ng6 13. cxd6 Qe6
14. dxc7 Nxf4 15. exf4 Re8 16. Qd3 Qg4 17. O-O Qxe2 18. Rae1 Qxe1 19. Rxe1
Rxe1+ 20. Qf1 Rxf1+ 21. Kxf1 Bf5 22. Ke2 Rc8 23. f3 Rxc7 24. g4 Be6 25. f5
Bxa2 26. Kd3 Bc4+ 27. Kd4 b5 28. h4 Be2 29. Ke3 Bd1 30. Kd2 Bxf3 31. Ke3
Bxg4 32. Kf4 Bh3 33. Kg3 Bxf5 34. Kf4 Bg6 35. Ke5 a5 36. Kd6 Rxc3 37. h5
Bxh5 38. Kd7 Be2 39. Kd6 b4 40. Ke5 a4 41. Kd4 a3 42. Kd5 a2 43. Kd4 a1=Q
44. Ke4 Bd3+ 45. Ke3 Qe1+ 46. Kf4 Qe4+ 47. Kg3 Bf1+ 48. Kf2 Qg2+ 49. Ke1
Rc1# {White checkmated} 0-1

[Event "ICC Open 2015"]
[Site "Internet Chess Club"]
[Date "2015.05.29"]
[Round "8"]
[White "Valai"]
[Black "Zablotsky"]
[Result "1-0"]
[ICCResult "Black resigns"]
[WhiteElo "2485"]
[BlackElo "2780"]
[Opening "Queen's Pawn"]
[ECO "A41"]
[NIC "QO.17"]
[Time "15:28:33"]
[TimeControl "180+0"]

1. d4 d6 2. Nf3 Nf6 3. c4 g6 4. Nc3 Bf5 5. Nh4 Bd7 6. Nf3 Bg7 7. e4 Nc6 8.
Be2 e5 9. d5 Nd4 10. Nxd4 exd4 11. Qxd4 O-O 12. O-O Re8 13. Qd3 a6 14. Re1
b5 15. Bf1 b4 16. Nd1 Qe7 17. f3 a5 18. Be3 Nh5 19. Bd4 Nf4 20. Qd2 Bh6 21.
Be3 Qe5 22. g3 Nh3+ 23. Bxh3 Bxe3+ 24. Nxe3 Bxh3 25. f4 Qh5 26. Ng2 Re7 27.
Qe2 Bg4 28. Qd3 Rae8 29. Re3 f5 30. Rae1 fxe4 31. Rxe4 Bf5 32. Rxe7 Rxe7 33.
Qd2 Rxe1+ 34. Qxe1 Qf3 35. Nh4 Qe4 36. Qxe4 Bxe4 37. Ng2 Bb1 38. a3 Kf7 39.
Ne3 Ke7 40. Kf2 Kd7 41. Ke2 Kc8 42. Kd2 Kb7 43. Kc1 Bd3 44. Kd2 Bb1 45. axb4
axb4 46. Nc2 Ba2 47. Kd3 Bb1 48. Kd2 Ba2 49. Nxb4 Bxc4 50. Kc3 Bf1 51. Kd4
Kb6 52. Nc2 Bg2 53. Ne3 Bf3 54. h3 Kb5 55. Ng4 c5+ 56. dxc6 Kxc6 57. Nf6 h6
58. Ng8 h5 59. Ne7+ Kb5 60. Nxg6 Kb4 61. f5 Kb3 62. f6 Kxb2 63. f7
{Black resigns}
1-0

[Event "ICC Open 2015"]
[Site "Internet Chess Club"]
[Date "2015.05.29"]
[Round "8"]
[White "Qualm"]
[Black "Sherlocked"]
[Result "0-1"]
[ICCResult "White checkmated"]
[WhiteElo "1697"]
[BlackElo "1944"]
[Opening "King's pawn opening"]
[ECO "B07"]
[NIC "VO.17"]
[Time "15:28:41"]
[TimeControl "180+0"]

1. e4 d6 2. Nf3 Nf6 3. Nc3 g6 4. Bc4 Bg7 5. Ng5 O-O 6. h3 c6 7. Nf3 d5 8.
exd5 cxd5 9. Bb3 d4 10. Ne2 d3 11. Nc3 dxc2 12. Bxc2 Nc6 13. O-O b6 14. d4
Bb7 15. Be3 Nb4 16. Bb3 Nbd5 17. Bd2 e6 18. Rc1 Rc8 19. Re1 Qd6 20. Bg5 h6
21. Bh4 Nxc3 22. bxc3 b5 23. Qe2 Qb6 24. Ne5 Rcd8 25. Bc2 a5 26. Bd3 b4 27.
cxb4 axb4 28. Nc4 Qxd4 29. Rcd1 Qd5 30. f3 Qc5+ 31. Bf2 Qc7 32. Ne5 Nd5 33.
Bd4 Nc3 34. Qe3 Rxd4 35. Nxg6 Nxd1 36. Qe2 Rxd3 37. Rxd1 Rxd1+ 38. Qxd1 Qc5+
39. Kh2 fxg6 40. Qb1 Qe5+ 41. Kg1 Qa1 42. Qxa1 Bxa1 43. Kf1 Bc3 44. Ke2 Ra8
45. Kd3 Rxa2 46. Kc4 Rxg2 47. Kb5 Rg3 48. Kb6 Bxf3 49. Kc5 Bg2 50. Kc4 Rxh3
51. Kc5 Rg3 52. Kd6 Rf3 53. Kxe6 h5 54. Kd6 h4 55. Kc5 h3 56. Kc6 h2 57. Kc7
h1=Q 58. Kd7 Qe1 59. Kc7 Rd3 60. Kb6 b3 61. Kb5 b2 62. Kc4 b1=Q 63. Kc5 Qec1
64. Kc4 Be1# {White checkmated} 0-1

[Event "ICC Open 2015"]
[Site "Internet Chess Club"]
[Date "2015.05.29"]
[Round "8"]
[White "TheGreatFair"]
[Black "MastroNuzzo"]
[Result "1-0"]
[ICCResult "Black checkmated"]
[WhiteElo "2125"]
[BlackElo "2357"]
[Opening "Sicilian: accelerated fianchetto, modern variation with Bc4"]
[ECO "B35"]
[NIC "SI.33"]
[Time "15:28:43"]
[TimeControl "180+0"]

1. e4 c5 2. Nf3 Nc6 3. d4 cxd4 4. Nxd4 g6 5. Nc3 Bg7 6. Be3 Nf6 7. Bc4 O-O
8. Bb3 a5 9. Ndb5 a4 10. Nxa4 Qa5+ 11. Nbc3 Nxe4 12. O-O Nxc3 13. Nxc3 d6
14. Qd2 Bf5 15. Bh6 Rac8 16. Bxg7 Kxg7 17. Rad1 Ne5 18. Rfe1 Rc7 19. Nd5
Qxd2 20. Rxd2 Rd7 21. Ba4 e6 22. Bxd7 Nxd7 23. Ne3 d5 24. c4 Ra8 25. a3 Nb6
26. cxd5 Rd8 27. Nxf5+ gxf5 28. d6 Kf6 29. Rc1 Ke5 30. Rc7 Nc4 31. Rxc4 b5
32. Rc5+ Kf6 33. d7 Ke7 34. Rc7 f6 35. f4 h6 36. g3 h5 37. Kf2 h4 38. gxh4
e5 39. h5 exf4 40. h6 Ke6 41. h7 Ke7 42. h8=Q b4 43. Qxd8+ Kxd8 44. Rc8+ Ke7
45. d8=Q+ Ke6 46. Rd6+ Kf7 47. Qd7+ Kg6 48. Rg8+ Kh5 49. Qh7# {Black
checkmated} 1-0

[Event "ICC Open 2015"]
[Site "Internet Chess Club"]
[Date "2015.05.29"]
[Round "8"]
[White "capaldi"]
[Black "MasterZachary"]
[Result "0-1"]
[ICCResult "White forfeits on time"]
[WhiteElo "1874"]
[BlackElo "2172"]
[Opening "Ruy Lopez: modern Steinitz defense, Richter variation"]
[ECO "C73"]
[NIC "RL.10"]
[Time "15:29:40"]
[TimeControl "180+0"]

1. e4 e5 2. Nf3 Nc6 3. Bb5 a6 4. Ba4 d6 5. Bxc6+ bxc6 6. d4 exd4 7. Qxd4 Nf6
8. e5 Nd5 9. c4 Nb4 10. Na3 Be7 11. Bd2 a5 12. exd6 cxd6 13. O-O O-O 14. Bc3
Bf6 15. Qd2 Bg4 16. Nd4 Qd7 17. h3 Bh5 18. Nac2 Bg6 19. Ne3 Rab8 20. Rfd1
Nd3 21. Qe2 c5 22. Ndf5 Bxc3 {White forfeits on time} 0-1

[Event "ICC Open 2015"]
[Site "Internet Chess Club"]
[Date "2015.05.29"]
[Round "8"]
[White "Volkov"]
[Black "YaacovN"]
[Result "1-0"]
[ICCResult "Black forfeits on time"]
[WhiteElo "2987"]
[BlackElo "2768"]
[Opening "Nimzo-Indian: Sämisch variation"]
[ECO "E25"]
[NIC "NI.30"]
[Time "15:29:03"]
[TimeControl "180+0"]

1. d4 Nf6 2. c4 e6 3. Nc3 Bb4 4. f3 d5 5. a3 Bxc3+ 6. bxc3 c5 7. cxd5 exd5
8. e3 O-O 9. Bd3 b6 10. Ne2 Ba6 11. O-O Bxd3 12. Qxd3 Re8 13. Bb2 Nc6 14.
Rad1 Na5 15. Ng3 cxd4 16. cxd4 Nc4 17. Bc1 b5 18. e4 Qb6 19. Kh1 dxe4 20.
fxe4 Rad8 21. d5 Ng4 22. Qf3 Nge5 23. Qh5 Qg6 24. Qe2 Qg4 25. Qf2 Qh4 26.
Qxa7 Rd7 27. Qg1 g6 28. Bf4 Ng4 29. h3 h5 30. Qc5 Nge3 31. Bxe3 Qxg3 32. Bf2
Qxa3 33. Qxb5 Ne5 34. Bd4 Qd6 35. Bc5 Qb8 36. Qxb8 Rxb8 37. Bd4 Re8 38. Rfe1
Nc4 39. Kh2 Rde7 40. Bf6 Rd7 41. e5 Nb6 42. d6 Nc4 43. Kg3 Re6 44. Kf4 Nxd6
45. Rd2 Kh7 46. Red1 g5+ 47. Kf3 g4+ 48. hxg4 hxg4+ 49. Kf4 Kg6 50. Rxd6
Rdxd6 51. Rxd6 Rxd6 52. exd6 Kxf6 53. Kxg4 Ke6 54. Kg5 Kxd6 55. Kf6 Kd5 56.
Kf5 Kd4 57. Kf4 Kd3 58. Kf3 Kd4 59. Kf4 Kd5 60. Kf5 Kd4 61. Kf4 Kd5 62. Kg5
Ke4 63. Kg4 {Black forfeits on time} 1-0

[Event "ICC Open 2015"]
[Site "Internet Chess Club"]
[Date "2015.05.29"]
[Round "8"]
[White "slothchess"]
[Black "budde"]
[Result "1-0"]
[ICCResult "Black checkmated"]
[WhiteElo "1632"]
[BlackElo "1933"]
[Opening "Sicilian: Najdorf, Opocensky variation"]
[ECO "B92"]
[NIC "SI.11"]
[Time "15:28:50"]
[TimeControl "180+0"]

1. e4 c5 2. Nf3 d6 3. d4 cxd4 4. Nxd4 Nf6 5. Nc3 a6 6. Be2 e5 7. Nb3 Be7 8.
Be3 O-O 9. O-O Be6 10. Qd2 Nbd7 11. Rad1 b5 12. a3 Qc7 13. f3 Rfd8 14. Qe1
Rac8 15. Qf2 Nc5 16. Nc1 d5 17. exd5 Nxd5 18. Nxd5 Bxd5 19. Kh1 Be6 20. Nd3
Nxd3 21. Bxd3 Bc5 22. Bxc5 Qxc5 23. Qxc5 Rxc5 24. Bxh7+ Kxh7 25. Rxd8 Rxc2
26. b4 Rc3 27. Ra1 Bc4 28. Rd6 f5 29. Rxa6 e4 30. fxe4 fxe4 31. Kg1 e3 32.
Re1 e2 33. Kf2 Rc2 34. a4 Rd2 35. axb5 Bxb5 36. Ra5 Bc4 37. b5 Rb2 38. h3
Bxb5 39. Ra3 Rc2 40. Re3 Rc7 41. g4 Rf7+ 42. Kg3 g5 43. h4 gxh4+ 44. Kxh4
Kg6 45. Re6+ Kg7 46. Re5 Bd3 47. Rg5+ Kh7 48. Rd5 Ba6 49. g5 Kg6 50. Rd6+
Kf5 51. Rxa6 Rh7+ 52. Kg3 Kxg5 53. Rxe2 Rg7 54. Re5# {Black checkmated} 1-0

[Event "ICC Open 2015"]
[Site "Internet Chess Club"]
[Date "2015.05.29"]
[Round "8"]
[White "Rinazina46"]
[Black "Satyricon"]
[Result "0-1"]
[ICCResult "White forfeits on time"]
[WhiteElo "1896"]
[BlackElo "2242"]
[Opening "Sicilian: Najdorf, Opocensky variation"]
[ECO "B92"]
[NIC "SI.11"]
[Time "15:29:22"]
[TimeControl "180+0"]

1. e4 c5 2. Nf3 d6 3. d4 cxd4 4. Nxd4 Nf6 5. Nc3 a6 6. Be2 e5 7. Nb3 Be7 8.
Be3 Be6 9. Qd2 Nbd7 10. a4 Nb6 11. O-O Nc4 12. Bxc4 Bxc4 13. a5 Bxf1 14.
Rxf1 O-O 15. Bb6 Qd7 16. f4 exf4 17. Qxf4 Qe6 18. Nd4 Qe5 19. Nf5 Rfe8 20.
Qg5 Nd7 21. Nh6+ Kh8 22. Nxf7+ Kg8 23. Nxe5 Bxg5 24. Nxd7 Re7 25. Rf5 Bh6
26. Nf6+ gxf6 27. Nd5 Rf7 28. Nxf6+ Kh8 29. Bd4 Bg7 30. c3 Raf8 31. Nd5
Bxd4+ 32. cxd4 Rxf5 33. exf5 Rxf5 34. Ne3 Rxa5 35. Nc4 Rb5 36. Nxd6 Rxb2 37.
h4 a5 38. h5 a4 39. g4 a3 40. g5 a2 {White forfeits on time} 0-1

[Event "ICC Open 2015"]
[Site "Internet Chess Club"]
[Date "2015.05.29"]
[Round "8"]
[White "Baltimora"]
[Black "brauliocuarta"]
[Result "0-1"]
[ICCResult "White checkmated"]
[WhiteElo "2330"]
[BlackElo "2069"]
[Opening "Benkö gambit"]
[ECO "A57"]
[NIC "BI.46"]
[Time "15:31:29"]
[TimeControl "180+0"]

1. d4 Nf6 2. c4 c5 3. d5 b5 4. a4 bxc4 5. Nc3 d6 6. e4 Ba6 7. f4 g6 8. Nf3
Bg7 9. e5 Nfd7 10. e6 fxe6 11. Ng5 Nf8 12. dxe6 Qc8 13. Qe2 Nc6 14. Be3 Nxe6
15. Rd1 Nxg5 16. fxg5 O-O 17. g3 Nd4 18. Bxd4 cxd4 19. Nd5 Kh8 20. Bg2 c3
21. Qe4 d3 22. Nxc3 Bxc3+ 23. bxc3 Qxc3+ 24. Rd2 Qc1+ 25. Rd1 d2#
{White checkmated}
0-1

[Event "ICC Open 2015"]
[Site "Internet Chess Club"]
[Date "2015.05.29"]
[Round "8"]
[White "Kseroks"]
[Black "playformaximum"]
[Result "0-1"]
[ICCResult "White checkmated"]
[WhiteElo "2811"]
[BlackElo "3022"]
[Opening "Queen's pawn: Keres defense"]
[ECO "A40"]
[NIC "QO.17"]
[Time "15:29:11"]
[TimeControl "180+0"]

1. d4 e6 2. c4 b6 3. a3 Bb7 4. Nc3 f5 5. d5 Nf6 6. g3 Bd6 7. Bg2 Be5 8. Qc2
O-O 9. Nh3 Bxc3+ 10. Qxc3 exd5 11. O-O d4 12. Qxd4 Bxg2 13. Kxg2 Nc6 14. Qd1
Qe7 15. b3 Qe5 16. Ra2 Rad8 17. Bf4 Qe4+ 18. f3 Qe6 19. Bxc7 Rc8 20. Bd6
Rfe8 21. Nf4 Qf7 22. Qd2 Na5 23. Rb2 Nb7 24. Bb4 a5 25. Bc3 Nc5 26. Bxf6
Qxf6 27. Nd5 Qc6 28. Qd4 a4 29. bxa4 Nxa4 30. Rc2 b5 31. Rfc1 Qc5 32. Qd3
Qd6 33. cxb5 Nc5 34. Qxf5 Re5 35. Qf4 Qxd5 36. Rd2 Qe6 37. e4 Rf8 38. Qe3 d6
39. Rcd1 Qc4 40. b6 Nb7 41. Rd4 Qc2+ 42. R1d2 Qc5 43. Qb3+ Kh8 44. Rd5 Rxd5
45. Rxd5 Qc6 46. a4 Nc5 47. Qc4 Ra8 48. e5 Rxa4 49. Rxd6 Qxd6 50. Qb5 Ra2+
51. Kh3 Qh6+ 52. Kg4 Qg6+ 53. Kh3 Qh5# {White checkmated} 0-1

[Event "ICC Open 2015"]
[Site "Internet Chess Club"]
[Date "2015.05.29"]
[Round "8"]
[White "dwg6"]
[Black "VolcanoExplorer"]
[Result "0-1"]
[ICCResult "White forfeits on time"]
[WhiteElo "2250"]
[BlackElo "2015"]
[Opening "English opening"]
[ECO "A20"]
[NIC "EO.24"]
[Time "15:29:07"]
[TimeControl "180+0"]

1. c4 e5 2. g3 Nf6 3. Bg2 c6 4. d4 exd4 5. Qxd4 d5 6. Nf3 Be6 7. O-O Be7 8.
Bg5 dxc4 9. Qxd8+ Bxd8 10. Nd4 Bd5 11. Nf5 O-O 12. Nd2 h6 13. Bf4 Nbd7 14.
e4 Be6 15. Nd4 Nb6 16. Rfc1 Be7 17. Nxe6 fxe6 18. Nxc4 Nxc4 19. Rxc4 Rad8
20. Rc2 g5 21. Be3 a6 22. h3 Bb4 23. a3 Ba5 24. b4 Bc7 25. a4 Rd3 26. Bc5
Rf7 27. Rb1 Rfd7 28. b5 cxb5 29. axb5 axb5 30. Rxb5 Rd1+ 31. Kh2 Be5 32. Ba3
g4 33. Rxe5 gxh3 34. Bxh3 R7d2 35. Bxe6+ Kg7 36. Rxd2 Rxd2 37. Bc5 Rc2 38.
Be3 h5 39. Rg5+ Kf8 40. Rf5 Ke7 41. Bg5 Kxe6 42. Bxf6 Re2 43. Re5+ Kxf6 44.
Rf5+ Ke6 45. Kg2 Rxe4 46. Rxh5 Rb4 47. Rh7 b5 48. Rb7 Kf5 49. f3 Rb2+ 50.
Kh3 Rb3 51. g4+ Kf4 52. Rf7+ Kg5 53. Rf5+ Kg6 54. Kg3 Rc3 55. Rxb5 Rd3 56.
Rb6+ Kf7 57. Kf4 Rd1 58. Rb7+ Ke6 59. g5 Rc1 60. Rb6+ Kf7 61. Rb5 Rc4+ 62.
Ke3 Kg6 63. Rc5 Ra4 {White forfeits on time} 0-1

[Event "ICC Open 2015"]
[Site "Internet Chess Club"]
[Date "2015.05.29"]
[Round "8"]
[White "Womacka"]
[Black "Mardaker"]
[Result "0-1"]
[ICCResult "White forfeits on time"]
[WhiteElo "2400"]
[BlackElo "2745"]
[Opening "Sicilian: Najdorf, Opocensky variation"]
[ECO "B92"]
[NIC "SI.11"]
[Time "15:29:04"]
[TimeControl "180+0"]

1. e4 c5 2. Nf3 d6 3. d4 cxd4 4. Nxd4 Nf6 5. Nc3 a6 6. Be2 e5 7. Nb3 Be7 8.
O-O O-O 9. Re1 Nbd7 10. Bf3 b5 11. a4 b4 12. Nd5 Nxd5 13. Qxd5 Rb8 14. a5
Nf6 15. Qd3 Bb7 16. Bd2 Bc8 17. Ra4 Qc7 18. Rxb4 Rxb4 19. Bxb4 Be6 20. Nd2
Rb8 21. c3 Rb5 22. Nf1 Nd7 23. Ne3 Nc5 24. Qd2 Nb3 25. Qd1 Nxa5 26. Be2 Nc4
27. Nxc4 Bxc4 28. Bxc4 Qxc4 29. Qe2 Qxe2 30. Rxe2 a5 31. Ba3 g6 32. Rd2 a4
33. Kf1 f5 34. f3 Kf7 35. Ke2 Ke6 36. Kd3 Rb8 37. Kc4 h5 38. Rd5 fxe4 39.
fxe4 Rf8 40. Rd2 Rf4 41. Kd3 h4 42. h3 g5 43. c4 g4 44. hxg4 Rxg4 45. Re2
Bg5 46. Kc3 Rg3+ 47. Kb4 Be3 48. Kxa4 Bc5 49. b4 Bd4 50. b5 Kd7 51. Bb2 Bc5
52. Rc2 Kc7 53. Bc3 Kb7 54. Bb4 Re3 55. Bxc5 dxc5 56. Rf2 Rxe4 57. Rf7+ Kc8
58. b6 Rxc4+ 59. Kb5 Rf4 60. Rh7 e4 61. Kc6 Rf6+ 62. Kxc5 Re6 63. Kd5 e3 64.
Kxe6 e2 65. Kd6 e1=Q 66. Rc7+ Kb8 67. Rg7 Qb4+ 68. Ke6 Qxb6+ 69. Kf5 Qf2+
70. Ke4 Kc8 71. Rg4 Kd7 72. Ke5 Ke7 73. Rg7+ Kf8 74. Rg4 Qe2+
{White forfeits on time}
0-1

[Event "ICC Open 2015"]
[Site "Internet Chess Club"]
[Date "2015.05.29"]
[Round "8"]
[White "TheCypriot"]
[Black "eddington"]
[Result "1-0"]
[ICCResult "Black checkmated"]
[WhiteElo "1891"]
[BlackElo "2099"]
[Opening "English: Neo-Catalan declined"]
[ECO "E06"]
[NIC "CA.05"]
[Time "15:29:08"]
[TimeControl "180+0"]

1. c4 e6 2. g3 d5 3. Bg2 Nf6 4. Nf3 Be7 5. O-O O-O 6. d4 dxc4 7. Ne5 Nc6 8.
Nxc6 bxc6 9. Na3 Bxa3 10. bxa3 Nd5 11. Qa4 Nb6 12. Qxc6 Bd7 13. Qc5 Rb8 14.
Bf4 Qf6 15. Bxc7 Rfc8 16. Qe5 Qxe5 17. Bxe5 Ba4 18. Rfc1 f6 19. Bxb8 Rxb8
20. Rab1 Rc8 21. Rc3 Nd5 22. Bxd5 exd5 23. Rb7 a6 24. f3 Bd1 25. Kf2 Re8 26.
Re3 Rxe3 27. Kxe3 c3 28. Rc7 c2 29. Kd2 Kf8 30. a4 c1=Q+ 31. Kxc1 Bxa4 32.
Kd2 Bb5 33. e4 dxe4 34. fxe4 h5 35. Ke3 g5 36. Rh7 Be8 37. Ra7 Bb5 38. d5
Bc4 39. a3 Bb5 40. Kd4 Be2 41. e5 fxe5+ 42. Kxe5 h4 43. Kf6 Ke8 44. Kxg5
hxg3 45. hxg3 Bf3 46. Rxa6 Bxd5 47. Kf6 Kd7 48. Ke5 Bg2 49. g4 Kc7 50. g5
Bf1 51. Ra7+ Kb6 52. Rf7 Bd3 53. Kf6 Kc6 54. g6 Bc4 55. g7 Bxf7 56. Kxf7 Kc5
57. g8=Q Kd4 58. Qb8 Kc3 59. Qf4 Kd3 60. Ke6 Kc3 61. Kd5 Kd3 62. Qd4+ Kc2
63. Qe3 Kb2 64. Kc4 Kc2 65. Qb3+ Kd2 66. Qd3+ Ke1 67. Qc2 Kf1 68. Kd3 Kg1
69. Ke3 Kh1 70. Kf3 Kg1 71. Qg2# {Black checkmated} 1-0

[Event "ICC Open 2015"]
[Site "Internet Chess Club"]
[Date "2015.05.29"]
[Round "8"]
[White "pawnloser"]
[Black "podkarpacki"]
[Result "1-0"]
[ICCResult "Black forfeits on time"]
[WhiteElo "1601"]
[BlackElo "1408"]
[Opening "French: exchange variation"]
[ECO "C01"]
[NIC "FR.01"]
[Time "15:29:39"]
[TimeControl "180+0"]

1. e4 e6 2. d4 d5 3. exd5 exd5 4. Nf3 Nf6 5. Bd3 Be7 6. O-O O-O 7. Bg5 Bg4
8. h3 Bh5 9. g4 Bg6 10. c3 h6 11. Bh4 Ne4 12. Bxe7 Qxe7 13. Ne5 Bh7 14. f3
Nf6 15. Re1 Qd6 16. Nd2 Nbd7 17. Nf1 Rae8 18. f4 Ne4 19. Bxe4 dxe4 20. Ng3
Nxe5 21. fxe5 Qd5 22. Qe2 f5 23. gxf5 Bxf5 24. Kh2 Qe6 25. Qg2 Kh8 26. Rg1
g5 27. Nh5 e3 28. Nf6 Re7 29. Qf3 e2 30. Qh5 Rh7 31. Rae1 Bd3 32. Nxh7 Kxh7
33. Rxe2 Bxe2 34. Qxe2 Rf4 35. b3 {Black forfeits on time} 1-0

[Event "ICC Open 2015"]
[Site "Internet Chess Club"]
[Date "2015.05.29"]
[Round "8"]
[White "knightstar"]
[Black "moonriver"]
[Result "0-1"]
[ICCResult "White forfeits on time"]
[WhiteElo "1811"]
[BlackElo "1507"]
[Opening "Caro-Kann defense"]
[ECO "B11"]
[NIC "CK.01"]
[Time "15:28:49"]
[TimeControl "180+0"]

1. e4 c6 2. Nc3 d5 3. d3 e5 4. g3 Nf6 5. Bg2 Be6 6. Bg5 Be7 7. h3 Nbd7 8.
Nge2 h6 9. Bxf6 Bxf6 10. O-O d4 11. Nb1 Nb6 12. Nd2 Qd7 13. Kh2 g5 14. a4 h5
15. a5 Nc8 16. b4 Nd6 17. Nc4 Nxc4 18. dxc4 Bxc4 19. f3 g4 20. fxg4 hxg4 21.
h4 O-O-O 22. Rxf6 Rh5 23. Kg1 Qe7 24. Rf5 Rh7 25. Rb1 Rg8 26. Nc1 f6 27. Nd3
Be6 28. Rf2 b6 29. axb6 axb6 30. c4 Kb7 31. Ra2 Ra8 32. Rxa8 Kxa8 33. Ra1+
Kb8 34. Qa4 Qb7 35. c5 b5 36. Qa5 Rc7 37. Bf1 Kc8 38. Be2 Kd7 39. Nf2 Rc8
40. Kh2 Rc7 41. Bxg4 Bxg4 42. Nxg4 Ke6 43. Rf1 Rf7 44. Qa2+ Ke7 45. Nh6 Rh7
46. Nf5+ Kf8 47. Qe6 Qf7 48. Qc8+ Qe8 49. Qxc6 Qxc6 50. Nd6 Ke7 51. Rxf6
Kxf6 52. g4 Qxd6 53. Kg3 Qxc5 54. g5+ Ke6 55. Kg4 Qxb4 56. h5 Qc5
{White forfeits on time}
0-1

[Event "ICC Open 2015"]
[Site "Internet Chess Club"]
[Date "2015.05.29"]
[Round "8"]
[White "A4-H5"]
[Black "MassCarnage"]
[Result "1-0"]
[ICCResult "Black forfeits on time"]
[WhiteElo "1829"]
[BlackElo "2003"]
[Opening "Polish defense"]
[ECO "A40"]
[NIC "QO.17"]
[Time "15:28:46"]
[TimeControl "180+0"]

1. d4 b5 2. e4 a6 3. f3 Bb7 4. Be3 Nf6 5. g3 e6 6. Bg2 d6 7. Ne2 Nbd7 8. O-O
h5 9. h4 Be7 10. a4 b4 11. a5 Nh7 12. Bf2 g5 13. f4 gxh4 14. f5 hxg3 15.
Bxg3 exf5 16. Rxf5 h4 17. Bh2 Ng5 18. Nf4 h3 19. Bh1 Nxe4 20. Qe2 Rg8+ 21.
Kf1 Ndf6 22. Nd2 d5 23. Re1 Qd7 24. Rxf6 Nxf6 25. c4 bxc3 26. bxc3 Ne4 27.
c4 Nxd2+ 28. Qxd2 O-O-O 29. cxd5 Bg5 30. Rb1 Rde8 31. Rxb7 Kxb7 32. d6+ Ka7
33. d5 cxd6 34. Qd4+ Ka8 35. Nd3 Qb7 36. Nb4 Be3 37. Qc3 Rg5 38. Ke2 Bf4+
39. Kd3 Bxh2 40. Kc2 Rg3 41. Kb3 {Black forfeits on time} 1-0